 Dungeon Crawl Stone Soup version 0.29.1-15-g9cfb28693d (webtiles) character file.

Game seed: 9044551629398486009

11 growler the Insei (level 2, -1/21 HPs)
             Began as a Merfolk Transmuter on Mar 22, 2023.
             Slain by a kobold
             ... wielding a +0 whip
              (3 damage)
             ... on level 1 of the Dungeon.
             The game lasted 00:02:22 (490 turns).

growler the Insei (Merfolk Transmuter)               Turns: 490, Time: 00:02:22

Health: -1/21      AC:  2    Str: 10    XL:     2   Next: 29%
Magic:  5/5        EV: 12    Int: 12    God:
Gold:   27         SH:  0    Dex: 14    Spells: 4/5 levels left

rFire   . . .      SeeInvis .     - Unarmed
rCold   . . .      Faith    .   (no shield)
rNeg    . . .      Spirit   .   a - +0 robe
rPois   .          Reflect  .   (helmet currently unavailable)
rElec   .          Harm     .   (no cloak)
rCorr   .          Rampage  .   (no gloves)
Will    .....                   (boots currently unavailable)
Stlth   +.........              (no amulet)
HPRegen 0.07/turn               (no ring)
MPRegen 0.09/turn               (no ring)

@: appendages (expiring)
A: horns 2, (nimble swimmer 2), mertail
a: End Transformation


You were on level 1 of the Dungeon.
You had temporarily grown beastly horns.
You visited 1 branch of the dungeon, and saw 1 of its levels.

You collected 27 gold pieces.

Inventory:

Armour
 a - a +0 robe (worn)
Scrolls
 f - a scroll of enchant weapon {unknown}
Potions
 b - a potion of lignification
 c - a potion of might {unknown}
 d - 2 potions of resistance {unknown}
 e - a potion of curing {unknown}


   Skills:
 - Level 1.2 Fighting
 - Level 2.8 Dodging
 + Level 3.5 Unarmed Combat
 + Level 2.2 Spellcasting
 + Level 3.1 Transmutations


You had 4 spell levels left.
You knew the following spells:

 Your Spells              Type           Power      Damage    Failure   Level
a - Beastly Appendage     Tmut           16%        N/A       8%          1

Your spell library contained the following spells:

 Spells                   Type           Power      Damage    Failure   Level
 Wereblood                Tmut           8%         N/A       12%         2
 Slow                     Hex            4%         N/A       26%         1
 Spider Form              Tmut/Pois      5%         N/A       38%         3
 Confusing Touch          Hex            1%         N/A       63%         3
 Vampiric Draining        Necr           1%         2d6       63%         3
 Ice Form                 Ice/Tmut       5%         N/A       80%         4


Dungeon Overview and Level Annotations

Branches:
Dungeon (1/15)

Altars:

Shops:
D:1 (


Innate Abilities, Weirdness & Mutations

You have temporarily grown beastly horns.
((You are very nimble when in or above water. (Stealth+, EV+, Speed+++)))
Your lower body shifts to a powerful aquatic tail in water.


Message History

There is an entrance to Neulokhlo's Weapon Boutique here.
You pick up a book of Debilitation and begin reading...
You add the spells Slow, Vampiric Draining and Confusing Touch to your library.
There is an entrance to Neulokhlo's Weapon Boutique here.
There is an entrance to Neulokhlo's Weapon Boutique here.
You now have 27 gold pieces (gained 6).
Found 2 stones.
A hobgoblin comes into view.
Casting: Beastly Appendage (safe; 8% risk of failure)
Confirm with . or Enter, or press ? or * to list all spells.
You grow a pair of large bovine horns.
A kobold comes into view. It is wielding a +0 whip.
Found 24 gold pieces.
The hobgoblin shouts!
Found a lumpy orange potion.
The kobold closely misses you.
You closely miss the kobold. Your headbutt misses the kobold.
The kobold hits you with a +0 whip.
You barely miss the hobgoblin. The hobgoblin hits you.
The kobold hits you but does no damage.
You barely miss the hobgoblin.
Your transformation is almost over.
The kobold hits you with a +0 whip. The hobgoblin hits you.
You are too injured to fight recklessly!
You are too injured to fight recklessly!
Unknown command.
You hit the kobold.
The kobold is moderately wounded.
You barely miss the kobold.
The kobold is moderately wounded.
The kobold hits you with a +0 whip.
* * * LOW HITPOINT WARNING * * *
You barely miss the kobold.
You headbutt the kobold, but do no damage.
The kobold is moderately wounded.
The kobold hits you with a +0 whip.
* * * LOW HITPOINT WARNING * * *
You hit the kobold but do no damage.
The kobold is moderately wounded.
The kobold hits you with a +0 whip.
You die...

#..$..#.#.<.#...#....
##.......#...#........
####....#...###########..
....(.......# ##.
.........#.# ##
.....$.$...# #
........g#.## #
.......#K#..#############
.......#@#...............
.....!.#..##.############
.......##..#.# # .......
##...# # ####### ##..# ##
#..## #. #...# #. ##..#
#######. ##.# ....)...


You could see a hobgoblin and a kobold.

Vanquished Creatures
  An endoplasm (D:1)
  A goblin (D:1)
  A hobgoblin (D:1)
  3 jackals (D:1)
  A quokka (D:1)
  A frilled lizard (D:1)
  2 rats (D:1)
10 creatures vanquished.

Notes
Turn   | Place    | Note
-------+----------+-------------------------------------------
     0 | D:1      | growler the Merfolk Transmuter began the quest for the Orb.
     0 | D:1      | Reached XP level 1. HP: 15/15 MP: 3/3
   165 | D:1      | Reached XP level 2. HP: 19/21 MP: 3/5
   381 | D:1      | Found Neulokhlo's Weapon Boutique.
   490 | D:1      | Slain by a kobold

Illustrated notes

Levels and vault maps discovered:
D:1:      amcnicky_arrival_blooded_trapdoor, layout_rooms, serial_shops, shop

Skill      XL: |  1  2 |
---------------+-------+-----
Transmutations | 3 |  3.1
Fighting       | |  1.2
Dodging        | |  2.8
Unarmed Combat | |  3.5
Spellcasting   | |  2.2

Action                   || total
-------------------------++-------
Melee: Unarmed           ||    48
       Headbutt          ||     6
 Cast: Beastly Appendage ||     9
Armor: Robe              ||    10
Dodge: Dodged            ||    20
